 Dungeon Crawl Stone Soup version 0.22.1-2-g9c5b331 (webtiles) character file.

912 SilentRunner the Magician (level 7, -8/33 HPs)
             Began as a Deep Elf Conjurer on Dec 22, 2018.
             Was an Initiate of Sif Muna.
             Shot with an arrow by a centaur (14 damage)
             ... on level 5 of the Dungeon.
             The game lasted 00:48:03 (6569 turns).

SilentRunner the Magician (Deep Elf Conjurer)       Turns: 6569, Time: 00:48:03

Health: -8/33      AC:  8    Str:  5    XL:     7   Next: 82%
Magic:  19/21      EV: 14    Int: 22    God:    Sif Muna [......]
Gold:   240        SH:  0    Dex: 15    Spells: 14/20 levels left

rFire    . . .     SeeInvis .   b - +3 dagger (protect)
rCold    . . .     Gourm    .   (no shield)
rNeg     . . .     Faith    .   z - +0 robe
rPois    .         Spirit   .   (no helmet)
rElec    +         Reflect  .   (no cloak)
rCorr    .         Harm     .   m - +2 pair of gloves
MR       .....     Clarity  +   l - +2 pair of boots
Stlth    +++.......             (no amulet)
HPRegen  0.11/turn              (no ring)
MPRegen  0.17/turn              (no ring)

@: no status effects
A: clarity, frail 1, high mp 1, electricity resistance
a: Renounce Religion


You were on level 5 of the Dungeon.
You worshipped Sif Muna.
Sif Muna was noncommittal.
You were not hungry.

You visited 2 branches of the dungeon, and saw 6 of its levels.
You also visited: Sewer.

You collected 240 gold pieces.

Inventory:

Hand Weapons
 b - a +3 dagger of protection (weapon)
 h - a +1 dagger of venom
 p - a +0 blowgun
 r - a +3 short sword
 w - a +0 glaive
 y - a +0 giant club
Missiles
 e - 172 stones
 o - 51 poisoned needles (quivered)
Armour
 i - a +0 pair of gloves
 k - a +0 pair of boots
 l - a +2 pair of boots (worn)
 m - a +2 pair of gloves (worn)
 z - a +0 robe (worn)
Scrolls
 f - 2 scrolls of amnesia
 j - 3 scrolls of teleportation
 s - a scroll of remove curse
 v - a scroll of noise
 A - a scroll of blinking {unknown}
Potions
 a - 5 potions of curing
 d - 3 potions of degeneration
 g - a potion of haste
 n - a potion of berserk rage
 q - 3 potions of flight
 t - 2 potions of agility
 u - 2 potions of heal wounds
 B - 2 potions of magic
Comestibles
 c - 10 rations


   Skills:
 + Level 0.9 Fighting
 + Level 0.7 Short Blades
 + Level 4.0 Dodging
 + Level 4.2 Stealth
 + Level 7.4 Spellcasting
 + Level 7.1 Conjurations
 + Level 3.5 Hexes


You had 14 spell levels left.
You knew the following spells:

 Your Spells              Type           Power        Failure   Level  Hunger
a - Magic Dart            Conj           ####         1%          1    None
b - Searing Ray           Conj           #####.       1%          2    None
c - Dazzling Spray        Conj/Hex       ####..       2%          3    None

Your spell library contained the following spells:

 Spells                   Type           Power        Failure   Level  Hunger
 Iskenderun's Mystic Bla  Conj           #####...     4%          4    ###....
 Fulminant Prism          Conj/Hex       ####......   9%          4    ###....
 Force Lance              Conj/Tloc      ###.....     19%         4    ###....


Dungeon Overview and Level Annotations

Branches:
Dungeon (5/15)             Temple (1/1) D:4

Altars:
Fedhas
Hepliaklqana
Okawaru
Sif Muna
Trog
Vehumet
Xom


Innate Abilities, Weirdness & Mutations

You possess an exceptional clarity of mind.
You are frail. (-10% HP)
You have an increased reservoir of magic. (+10% MP)
You are resistant to electric shocks. (rElec)


Message History

The centaur shoots an arrow.
The arrow hits you.
The centaur shoots an arrow.
The arrow closely misses you.
Casting: Magic Dart (safe; 1% risk of failure)
Confirm with . or Enter, or press ? or * to list all spells.
Aiming: Magic Dart (safe; 1% risk of failure)
Press: ? - help, Shift-Dir - straight line, f/p - centaur
Aim: a centaur, wielding a shortbow (heavily wounded)
The magic dart hits the centaur.
The centaur is heavily wounded.
The centaur shoots an arrow.
The arrow hits you!
The centaur shoots an arrow.
The arrow completely misses you.
You see here an arrow.
The centaur shoots an arrow.
The arrow hits you!
* * * LOW HITPOINT WARNING * * *
You see here an arrow.
The centaur shoots an arrow.
The arrow hits you.
* * * LOW HITPOINT WARNING * * *
You see here an arrow.
The centaur shoots an arrow.
The arrow hits you!
You die...

#)#.#.# ######
#.#.#.###....#
#...#.....##.#
#((.########.#
#............#
#.#c##########
#.#.(# #.#.(#
#.##@## #.##..#
#c##..#########
#..........#
#..>######.####
#.#.#.†..#.#..
#.#.#.#<.#.#.#
#.#.#.####.#.##
#.#.#.........#


You could see a centaur.

Vanquished Creatures
  An ogre (D:4)
  2 phantoms (D:5)
  Blork the orc (D:4)
  A scorpion (D:5)
  A crimson imp (D:5)
  3 orc priests
  An orc wizard (D:4)
  3 worker ants (D:4)
  A howler monkey zombie (D:5)
  3 gnolls (D:4)
  8 adders
  7 river rats (Sewer)
  An ooze (Sewer)
  An adder skeleton (D:4)
  3 worms
  2 dart slugs (D:1)
  3 leopard geckos
  4 orcs (D:3)
  4 giant cockroaches
  6 goblins
  6 hobgoblins
  12 jackals
  2 quokkas (D:3)
  3 ball pythons (Sewer)
  10 bats
  9 frilled lizards
  20 kobolds
  A leopard gecko skeleton (D:4)
  22 rats
141 creatures vanquished.

Notes
Turn   | Place    | Note
-------+----------+-------------------------------------------
     0 | D:1      | SilentRunner the Deep Elf Conjurer began the quest for the
                  | Orb.
     0 | D:1      | Reached XP level 1. HP: 10/10 MP: 6/6
   382 | D:1      | Reached XP level 2. HP: 14/15 MP: 6/8
   588 | D:1      | Reached skill level 5 in Conjurations
   743 | D:1      | Gained mutation: You are resistant to electric shocks.
                  | (rElec) [potion of mutation]
   743 | D:1      | Gained mutation: You are frail. (-10% HP) [potion of
                  | mutation]
   743 | D:1      | Gained mutation: You possess an exceptional clarity of
                  | mind. [potion of mutation]
   743 | D:1      | Gained mutation: You have an increased reservoir of magic.
                  | (+10% MP) [potion of mutation]
   810 | D:1      | Reached XP level 3. HP: 16/17 MP: 0/10
  1526 | D:2      | Learned a level 2 spell: Searing Ray
  1530 | D:2      | Learned a level 3 spell: Dazzling Spray
  1709 | D:2      | Reached XP level 4. HP: 21/21 MP: 10/12
  2397 | D:3      | Found a bloodstained altar of Trog.
  2509 | D:3      | Found a glowing drain.
  2539 | Sewer    | Entered a sewer
  2970 | Sewer    | Reached XP level 5. HP: 23/25 MP: 5/14
  3140 | Sewer    | Reached skill level 5 in Spellcasting
  4354 | D:4      | Reached XP level 6. HP: 18/28 MP: 9/18
  4507 | D:4      | Found a staircase to the Ecumenical Temple.
  4519 | D:4      | Reached skill level 1 in Hexes
  4661 | D:4      | Noticed Blork the orc
  4675 | D:4      | Killed Blork the orc
  4675 | D:4      | Reached XP level 7. HP: 33/33 MP: 4/20
  5076 | D:4      | Found a deep blue altar of Sif Muna.
  5079 | D:4      | Became a worshipper of Sif Muna the Loreminder
  6003 | Temple   | Entered the Ecumenical Temple
  6046 | D:5      | Entered Level 5 of the Dungeon
  6569 | D:5      | Shot with an arrow by a centaur

Skill      XL: |  1  2  3  4  5  6  7 |
---------------+----------------------+-----
Conjurations   | 5 6 7 |  7.1
Dodging        | 3 4 |  4.0
Spellcasting   | 4 5 6 7 |  7.4
Stealth        | 3 4 |  4.2
Hexes          | 2 3 |  3.5
Fighting       | |  0.9
Short Blades   | |  0.7

Action                   |  1- 3 |  4- 6 |  7- 9 || total
-------------------------+-------+-------+-------++-------
Melee: Unarmed           |     1 |       |       ||     1
       Dagger            |    15 |    19 |     8 ||    42
 Cast: Magic Dart        |   109 |   159 |    71 ||   339
       Dazzling Spray    |       |    24 |    12 ||    36
       Searing Ray       |       |       |     2 ||     2
  Use: Potion            |     3 |     2 |     1 ||     6
       Scroll            |     3 |     6 |     3 ||    12
  Eat: Chunk             |     2 |     4 |     2 ||     8
       Ration            |       |     2 |     1 ||     3
Armor: Robe              |    16 |     9 |     4 ||    29
Dodge: Dodged            |    28 |    62 |    22 ||   112
